 Dungeon Crawl Stone Soup version 0.23-a0-650-ga4d50d4 (webtiles) character file.

259 Blackhawk the Skirmisher (level 6, -1/49 HPs)
             Began as a Vine Stalker Berserker on Jan 4, 2019.
             Was a Believer of Trog.
             Slain by a killer bee (2 damage)
             ... on level 3 of the Dungeon.
             The game lasted 00:05:04 (3022 turns).

Blackhawk the Skirmisher (Vine Stalker Berserker)   Turns: 3022, Time: 00:05:05

Health: -1/49      AC: 12    Str: 26    XL:     6   Next: 17%
Magic:  0/7        EV:  8    Int:  7    God:    Trog [**....]
Gold:   88         SH:  0    Dex: 14    Spells: 5/5 levels left

rFire    . . .     SeeInvis .   a - +0 mace
rCold    . . .     Gourm    .   (no shield)
rNeg     . . .     Faith    .   r - +0 plate armour
rPois    .         Spirit   +   m - +0 helmet
rElec    .         Reflect  .   (no cloak)
rCorr    .         Harm     .   (no gloves)
MR       .....                  (no boots)
Stlth    ..........             (no amulet)
HPRegen  0.56/turn              (no ring)
MPRegen  0.10/turn              (no ring)

@: berserking, lethally poisoned (-1 -> -2), very quick
A: fangs 2, regeneration 1, magic shield, antimagic bite, no potion heal 3, rot
immunity
a: Berserk, Trog's Hand, Renounce Religion


You were on level 3 of the Dungeon.
You worshipped Trog.
Trog was pleased with you.
You were very hungry.

You visited 1 branch of the dungeon, and saw 3 of its levels.

You collected 88 gold pieces.

Inventory:

Hand Weapons
 a - a +0 mace (weapon)
Armour
 b - a +0 animal skin
 m - a +0 helmet (worn)
 r - a +0 plate armour (worn)
Scrolls
 e - a scroll of remove curse {unknown}
 f - 3 scrolls of identify {unknown}
 g - a scroll of blinking {unknown}
 j - a scroll of enchant weapon {unknown}
 q - 2 scrolls of teleportation {unknown}
Potions
 d - a potion of mutation {unknown}
 i - a potion of brilliance {unknown}
 k - a potion of lignification {unknown}
 l - 2 potions of agility {unknown}
 n - 2 potions of heal wounds {unknown}
 o - a potion of invisibility {unknown}
 p - a potion of might {unknown}
Comestibles
 c - 3 rations
 h - 2 chunks of flesh


   Skills:
 + Level 3.8 Fighting
 + Level 3.8 Maces & Flails
 + Level 2.9 Armour
 + Level 2.8 Dodging


You had 5 spell levels left.
You didn't know any spells.
Your spell library was empty.

Dungeon Overview and Level Annotations

Branches:
Dungeon (3/15)

Altars:


Innate Abilities, Weirdness & Mutations

You have extremely sharp teeth.
Your natural rate of healing is unusually fast.
When hurt, damage is shared between your health and your magic reserves.
Your bite disrupts and absorbs the magic of your enemies.
Potions cannot restore your health.
You are immune to rotting.


Message History

You hit the killer bee. Your bite misses the killer bee.
The killer bee is almost dead.
You feel sick. The killer bee barely misses you.
You closely miss the killer bee.
The killer bee is almost dead.
The killer bee stings you.
* * * LOW HITPOINT WARNING * * *
The killer bee stings you.
* * * LOW HITPOINT WARNING * * *
You bludgeon the killer bee!!
You kill the killer bee!
Trog accepts your kill.
You have reached level 6!
Your experience leads to an increase in your attributes!
Your base attributes are Str 20, Int 7, Dex 14.
Increase (S)trength, (I)ntelligence, or (D)exterity?
You feel stronger.
* * * LOW HITPOINT WARNING * * *
You feel sick. The killer bee stings you.
You die...

.#.# ....>......# ##
.#.# #........# .#.#
#........# .#.#
#........## .#.#
###.###.#...# (#.#
#...###÷#.#.# ...#
#.#.....#y#...
.#######+#.....#y#####
.# #...........#@#
.###...........#.#
.##..###.......#.#
.#..##⌠##..#+#.#.#
...##...##...#.#..
..##.....##..#.#..
..#⌠..♣...'..#.#..
..##.....##.##.#...#
...##.(.##..## .# ####


You could see 2 killer bees.

Vanquished Creatures
  The ghost of jagoly the Caller, an amateur BaSu (D:3)
  A killer bee (D:3)
  An orc priest (D:3)
  3 gnolls (D:3)
  3 adders
  A worm (D:2)
  3 dart slugs
  2 leopard geckos
  5 orcs (D:3)
  4 bats
  2 giant cockroaches (D:2)
  5 hobgoblins
  A quokka (D:2)
  4 frilled lizards
  3 goblins
  6 kobolds
  5 rats
50 creatures vanquished.

Notes
Turn   | Place    | Note
-------+----------+-------------------------------------------
     0 | D:1      | Blackhawk the Vine Stalker Berserker began the quest for
                  | the Orb.
     0 | D:1      | Reached XP level 1. HP: 11/11 MP: 2/2
   439 | D:1      | Reached XP level 2. HP: 13/16 MP: 3/3
  1513 | D:2      | Reached XP level 3. HP: 20/20 MP: 4/4
  2148 | D:2      | Noticed a scorpion
  2353 | D:2      | Reached ** piety under Trog
  2517 | D:3      | Gained mutation: Your natural rate of healing is unusually
                  | fast. [Vine Stalker growth]
  2517 | D:3      | Reached XP level 4. HP: 20/24 MP: 5/5
  2733 | D:3      | Reached XP level 5. HP: 8/28 MP: 2/6
  2865 | D:3      | Found a runed door.
  2865 | D:3      | Noticed jagoly's ghost (amateur BaSu)
  2884 | D:3      | Killed jagoly's ghost
  3021 | D:3      | HP: 1/43 [killer bee (4)]
  3022 | D:3      | Reached XP level 6. HP: 1/33 MP: 0/7
  3022 | D:3      | Slain by a killer bee

Vault maps used:
D:1:      dpeg_arrival_concentric_ovals, hex_tiny
D:2:      minmay_pentomino_r2
D:3:      hellmonk_ghost_happy_afterlife, first_ration,
          kennysheep_decorative_pillar

Skill      XL: |  1  2  3 |
---------------+----------+-----
Maces & Flails | 3 |  3.8
Fighting       | 3 |  3.8
Armour         | 2 |  2.9
Dodging        | 2 |  2.8

Action                   |  1- 3 |  4- 6 || total
-------------------------+-------+-------++-------
Melee: Mace              |    77 |    73 ||   150
       Bite              |    19 |    20 ||    39
Invok: Berserk           |       |     2 ||     2
 Stab: Sleeping          |     1 |     1 ||     2
       Distracted        |       |     1 ||     1
  Eat: Chunk             |     5 |     2 ||     7
Armor: Animal skin       |    12 |     9 ||    21
       Plate armour      |       |     7 ||     7
Dodge: Dodged            |    57 |    57 ||   114

Table legend:
 A = Non-vault XP
 B = Vault XP
 C = Vault XP percentage of total XP
 D = Non-vault monster count
 E = Vault monster count
 F = Vault count percentage of total count
                 A         B        C        D         E       F
            +---------+---------+-------+---------+---------+-------
      Total |     256 |     115 |  31.0 |      48 |       2 |   4.0
            +---------+---------+-------+---------+---------+-------
        D:1 |      28 |       0 |   0.0 |      15 |       0 |   0.0
        D:2 |      32 |       5 |  13.5 |      13 |       1 |   7.1
        D:3 |     196 |     110 |  35.9 |      20 |       1 |   4.8
            +---------+---------+-------+---------+---------+-------
